 Seeded DCSS version 0.31-a0-210-gccc998df9b (webtiles) character file.

Game seed: 11342892107059164510 (custom seed)

80 innerfire43 the Trooper (level 4, -1/37 HPs)
             Began as a Demonspawn Monk on June 29, 2023.
             Slain by a gnoll
             ... wielding a +0 halberd
             ... led by a gnoll bouda
              (3 damage)
             ... on level 2 of the Dungeon.
             The game lasted 00:01:26 (1155 turns).

innerfire43 the Trooper (Demonspawn Monk)           Turns: 1155, Time: 00:01:27

Health: -1/37      AC:  5    Str: 14    XL:     4   Next: 18%
Magic:  4/4        EV: 13    Int: 11    God:
Gold:   61         SH:  0    Dex: 15    Spells: 3/3 levels left

rFire   . . .        a - +0 hand axe
rCold   . . .        d - orb {light}
rNeg    . . .        b - +0 robe
rPois   .            (no helmet)
rElec   .            (no cloak)
rCorr   .            (no gloves)
SInv    .            (no boots)
Will    .....        (no amulet)
Stlth   +            (no ring)
HPRegen 0.26/turn    (no ring)
MPRegen 0.09/turn

%: no passive effects
@: glowing
A: molten scales 2, weakness stinger 1
a: no special abilities


You were on level 2 of the Dungeon.
You visited 1 branch of the dungeon, and saw 2 of its levels.

You collected 61 gold pieces.

Inventory:

Hand Weapons
 a - a +0 hand axe (weapon)
Armour
 b - a +0 robe (worn)
 d - an orb of light (worn)
Jewellery
 h - a +4 ring of protection
 i - an amulet of the acrobat
Scrolls
 e - a scroll of immolation {unknown}
 f - a scroll of noise
 k - a scroll of brand weapon


   Skills:
 * Level 3.9 Fighting
 + Level 3.1 Axes
 * Level 3.6 Dodging


You had 3 spell levels left.
You didn't know any spells.
Your spell library was empty.

Dungeon Overview and Level Annotations

Branches:
Dungeon (2/15)

Altars:


Innate Abilities, Weirdness & Mutations

You are mostly covered in molten scales. (AC +3)
You have a small tail.


Message History

You barely miss the gnoll. You hit the gnoll but do no damage.
The gnoll closely misses you. x2
The gnoll bouda barks out a call to the hunt!
The gnolls pick up the pace!
The gnoll completely misses you. The gnoll closely misses you.
The gnoll barely misses you.
You completely miss the gnoll.
You tail-slap the gnoll, but do no damage.
You hit the gnoll. The gnoll barely misses you. x2
You hit the gnoll bouda.
The gnoll bouda is moderately wounded.
You hit the gnoll but do no damage. The gnoll closely misses you. x2
The gnoll barely misses you.
You hit the gnoll bouda.
The gnoll bouda is moderately wounded.
You hit the gnoll. The gnoll bouda closely misses you.
The gnoll closely misses you. The gnoll misses you.
The gnoll hits you with a +0 club.
* * * LOW HITPOINT WARNING * * *
You hit the gnoll bouda but do no damage.
The gnoll bouda is moderately wounded.
You hit the gnoll. The gnoll bouda barely misses you.
The gnoll hits you from afar with a +0 spear.
* * * LOW HITPOINT WARNING * * *
The gnoll barely misses you. x2
Unknown command.
It was a potion of curing.
You feel better.
Your attacks no longer feel as feeble.
The gnoll bouda hits you with a +0 club!
* * * LOW HITPOINT WARNING * * *
The gnoll hits you from afar with a +0 spear.
* * * LOW HITPOINT WARNING * * *
The gnoll misses you. The gnoll barely misses you.
You hit the gnoll bouda. You tail-slap the gnoll bouda.
The gnoll bouda is heavily wounded.
You hit the gnoll.
The gnoll bouda hits you but does no damage.
The gnoll closely misses you.
The gnoll hits you from afar with a +0 halberd.
You die...

##..........#.....#.......
#.....(.....#..#..#.#.....
#.......#...........#.####
#.......####.....#.##.#**
#.........##.....#.##..,*
#......##.#......#.####.##
#........>......#.........
#.....####..##............
#######gg@...#............
########g##g#.####.........
#........##.#..# #.........
#........##.#*.#**.........
#........##.#*..,*,........
#........##.#**#.*,,,,,...,
#........##..,,,.#,,,,,..,,
#........####**,,,,,,******
#........+,,,**,,,,,,* *,,


You could see a gnoll bouda and 3 gnolls.

Vanquished Creatures
  A gnoll (D:2)
  2 adders (D:2)
  A worm (D:2)
  3 dart slugs (D:1)
  3 bats (D:1)
  2 endoplasms
  A giant cockroach (D:1)
  6 goblins
  4 hobgoblins
  6 jackals (D:1)
  2 quokkas
  3 ball pythons
  3 kobolds
  A rat (D:1)
38 creatures vanquished.

Notes
Turn   | Place    | Note
-------+----------+-------------------------------------------
     0 | D:1      | innerfire43 the Demonspawn Monk began the quest for the
                  | Orb.
     0 | D:1      | Reached XP level 1. HP: 18/18 MP: 1/1
    59 | D:1      | Gained mutation: You are partially covered in molten
                  | scales. (AC +2) [demonic ancestry]
    59 | D:1      | Reached XP level 2. HP: 18/24 MP: 2/2
   344 | D:1      | Gained mutation: You have a small tail. [demonic ancestry]
   344 | D:1      | Reached XP level 3. HP: 29/29 MP: 3/3
  1078 | D:2      | Gained mutation: You are mostly covered in molten scales.
                  | (AC +3) [demonic ancestry]
  1078 | D:2      | Reached XP level 4. HP: 35/37 MP: 4/4
  1155 | D:2      | Slain by a gnoll

Illustrated notes

Levels and vault maps discovered:
D:1:      ldierk_walled_garden, layout_basic
D:2:      layout_basic, ebering_ecumenical_altar_hall

Skill      XL: |  1  2  3 |
---------------+----------+-----
Dodging        | 3 |  3.6
Axes           | 3 |  3.1
Fighting       | |  3.9

Action                     |  1- 3 |  4- 6 || total
---------------------------+-------+-------++-------
  Melee: Hand axe          |    90 |    15 ||   105
         Tailslap          |     4 |     3 ||     7
    Use: Scroll            |     4 |       ||     4
         Potion            |       |     2 ||     2
 Armour: Robe              |    25 |     8 ||    33
  Dodge: Dodged            |    71 |    37 ||   108

Table legend: (Time is in decaauts)
 A = Elapsed time spent in this place.
 B = Non-inter-level travel time spent in this place.
 C = Inter-level travel time spent in this place.
 D = Time resting spent in this place.
 E = Time spent auto-exploring this place.
 F = Levels seen in this place.
 G = Mean time per level.
                   A        B        C        D        E       F      G
               +--------+--------+--------+--------+--------+-----+--------+
         Total |   1171 |   1171 |      0 |      0 |    911 |   2 |  585.5 |
       Dungeon |   1171 |   1171 |      0 |      0 |    911 |   2 |  585.5 |
               +--------+--------+--------+--------+--------+-----+--------+

Top non-repeatable levels by time:
     D:1: 873 daAuts
     D:2: 298 daAuts
